cohdb
Replays
Latest Replays
All Replays
Popular Replays
Top Player Replays
Match Explorer
How It Works
Community
CoH3 Stats
Reddit
Sign in to upload your games and track your stats! →
Sign in with Steam
Grunka Lunka, Twisted Tootsy vs RA11, Flokl
Match 39077542
Overview
Messages
Build Orders
End
Panzergrenadier Squad
250 Light Carrier
Panzergrenadier Squad
Construct Light Support Kompanie
250 Light Carrier
Combat Half-tracks
Fire Support Elements
Assault Grenadier Squad
Pak 38 Anti-tank Gun Team
Selects Battlefield Espionage Battlegroup
Selects Intel Disruption Beacon
2.5-tonne Medical Truck
Selects 250/3 Funkpanzerwagen
Flakvierling Half-track
Veteran Squad Leaders
Vehicle Survival Package
Selects Anti-Tank Incendiary Munitions
Pak 38 Mechanized Group
Construct Panzerarmee Kommand
Panzer III L Medium Tank
Panzergrenadier Squad
Selects Plunder
Panzer III L Medium Tank
Rapid Advance
Selects Disruption Operation
Panzer III L Medium Tank
Panzer III L Medium Tank
Panzer III L Medium Tank
Disruption Operation
Panzer III L Medium Tank
Ra11
FLOKL
TwistedTootsy
Grunka Lunka
0
0
Comments
sign in to comment!
No comments posted yet!